 Dungeon Crawl Stone Soup version 0.22-a0-247-gbddf880757 (webtiles) character file.

786 Peterchen the Cleaver (level 7, -3/85 HPs)
             Began as a Minotaur Berserker on Feb 24, 2018.
             Was an Elder of Trog.
             Killed from afar by an electric eel (7 damage)
             ... with a bolt of electricity
             ... on level 6 of the Dungeon.
             The game lasted 00:10:19 (4080 turns).

Peterchen the Cleaver (Minotaur Berserker)          Turns: 4080, Time: 00:10:20

Health: -3/85      AC: 11    Str: 29    XL:     7   Next: 56%
Magic:  6/6        EV:  8    Int:  4    God:    Trog [****..]
Gold:   308        SH:  0    Dex:  9    Spells: 6/6 levels left

rFire    + . .     SeeInvis .   D - +0 battleaxe
rCold    x . .     Gourm    .   (shield currently unavailable)
rNeg     . . .     Faith    .   v - +0 plate armour
rPois    .         Spirit   .   (helmet restricted)
rElec    .         Reflect  .   (no cloak)
rCorr    .         Harm     .   (no gloves)
MR       +....                  (no boots)
Stlth    ..........             (no amulet)
HPRegen  0.24/turn              k - ring of protection from magic
MPRegen  0.10/turn              a - ring of fire

@: berserking, very quick
A: retaliatory headbutt, horns 2
a: Berserk, Trog's Hand, Brothers in Arms, Renounce Religion


You were on level 6 of the Dungeon.
You worshipped Trog.
Trog was greatly pleased with you.
You were not hungry.

You visited 1 branch of the dungeon, and saw 6 of its levels.
You also visited: Sewer.

You collected 308 gold pieces.

Inventory:

Hand Weapons
 D - a +0 battleaxe (weapon)
Missiles
 s - 5 tomahawks (quivered)
Armour
 v - a +0 plate armour (worn)
Jewellery
 a - a ring of fire (right hand)
 k - a ring of protection from magic (left hand)
 p - an uncursed ring of wizardry
 y - an uncursed ring of protection from magic
Wands
 x - a wand of random effects (31)
 C - a wand of polymorph (13)
Scrolls
 b - 3 scrolls of remove curse
 f - a scroll of enchant armour
 g - 2 scrolls of fog
 h - a scroll of enchant weapon
 i - 2 scrolls of amnesia
 m - 4 scrolls of teleportation
 r - a scroll of random uselessness
 t - 3 scrolls of blinking
 u - 6 scrolls of magic mapping {unknown}
 z - 3 scrolls of fear {unknown}
Potions
 d - a potion of berserk rage {unknown}
 e - 3 potions of curing {unknown}
 j - 2 potions of mutation {unknown}
 l - 2 potions of ambrosia {unknown}
 n - 5 potions of flight {unknown}
 o - 3 potions of degeneration {unknown}
 q - 2 potions of lignification {unknown}
 w - a potion of brilliance {unknown}
 A - a potion of magic {unknown}
 B - a potion of heal wounds {unknown}
Comestibles
 c - 14 rations


   Skills:
 - Level 3.6 Fighting
 * Level 10.7 Axes
 - Level 2.4 Armour
 - Level 2.1 Dodging


You had 6 spell levels left.
You didn't know any spells.

Dungeon Overview and Level Annotations

Branches:
Dungeon (6/15)             Temple (0/1) D:5

Altars:
Fedhas
Ru
Trog
Uskayaw
Zin

Annotations:
D:6 1 runed door


Innate Abilities, Weirdness & Mutations

You reflexively headbutt those who attack you in melee.
You have a pair of horns on your head.


Message History

You closely miss the electric eel. Your headbutt misses the electric eel.
You hit the withered plant but do no damage.
Okay, then.
You eat one of the 15 rations.
That ration really hit the spot!
You miss the electric eel.
You hit the withered plant but do no damage.
The electric eel shoots out a bolt of lightning at you!
The bolt of electricity hits you!
* * * LOW HITPOINT WARNING * * *
The bolt of electricity hits you!
* * * LOW HITPOINT WARNING * * *
The bolt of electricity misses the electric eel.
A red film seems to cover your vision as you go berserk!
You feel yourself moving faster!
You feel mighty!
You feel a lot more hungry.
You closely miss the electric eel. You hit the withered plant.
The electric eel shoots out a bolt of lightning at you!
The bolt of electricity hits you!
* * * LOW HITPOINT WARNING * * *
The bolt of electricity hits you!
You die...

#.# #.# ### #.# #.. .. ###
#.# #.# #.# ....###.# #.#
#[# #.........# #.# #.#
......(P§###.### ##..
#.#.≈...@...>..# #...
...≈§§;§###.#.# ###.#.
..≈≈§§§§# #.#.# ##.....
.#.≈§§§P###.#.# ##..###.
#§§§§§.....#.###..##>##
#.§§§§§......##..###.##
#.####.§####....####.##
######.# #..# #.#..#>.._..
....#.####..####.##.###+.##


You could see an electric eel.

Vanquished Creatures
  Sigmund (D:5)
  A hornet zombie (D:5)
  Purgy (Sewer)
  The ghost of Execuda the Sneak, an amateur SpEn (D:3)
  A howler monkey (D:4)
  An orc priest (D:4)
  3 hounds
  A killer bee zombie (D:6)
  A hound zombie (D:5)
  A hound skeleton (D:6)
  A gnoll (D:1)
  3 adders
  2 shadow imps (D:5)
  3 oozes
  An adder skeleton (D:4)
  An adder zombie (D:6)
  4 worms
  4 dart slugs
  A leopard gecko (D:4)
  4 orcs
  10 bats
  4 giant cockroaches
  8 goblins
  7 hobgoblins
  4 ball pythons
  A ball python zombie (D:5)
  9 frilled lizards
  11 kobolds
  A leopard gecko skeleton (D:4)
  2 quokka skeletons (D:4)
  A quokka zombie (D:5)
  10 rats
104 creatures vanquished.

Notes
Turn   | Place    | Note
-------+----------+-------------------------------------------
     0 | D:1      | Peterchen the Minotaur Berserker began the quest for the Orb.
     0 | D:1      | Reached XP level 1. HP: 19/19 MP: 0/0
    13 | D:1      | Noticed a bullfrog
   299 | D:1      | Reached skill level 4 in Axes
   302 | D:1      | Reached XP level 2. HP: 26/26 MP: 1/1
   493 | D:1      | Reached skill level 5 in Axes
   592 | D:1      | Reached XP level 3. HP: 29/31 MP: 2/2
   645 | D:1      | Reached ** piety under Trog
  1543 | D:2      | Reached skill level 6 in Axes
  1543 | D:2      | Reached XP level 4. HP: 21/39 MP: 3/3
  1560 | D:2      | Found a hide-covered altar of Uskayaw.
  1694 | D:3      | Noticed Execuda's ghost (amateur SpEn)
  1701 | D:3      | Killed Execuda's ghost
  1701 | D:3      | Reached XP level 5. HP: 45/45 MP: 4/4
  1751 | D:3      | Reached skill level 7 in Axes
  1790 | D:3      | Reached *** piety under Trog
  2358 | D:4      | Found a sacrificial altar of Ru.
  2421 | D:4      | Found a bloodstained altar of Trog.
  2505 | D:4      | Found a glowing silver altar of Zin.
  2739 | D:4      | Reached skill level 8 in Axes
  2769 | D:4      | Reached XP level 6. HP: 51/51 MP: 5/5
  2933 | D:4      | Found a glowing drain.
  2942 | Sewer    | Entered a sewer
  3005 | Sewer    | Noticed Purgy
  3018 | Sewer    | Killed Purgy
  3018 | Sewer    | Reached skill level 9 in Axes
  3246 | D:5      | Entered Level 5 of the Dungeon
  3282 | D:5      | Found a staircase to the Ecumenical Temple.
  3340 | D:5      | Reached XP level 7. HP: 45/57 MP: 6/6
  3372 | D:5      | Noticed Sigmund
  3382 | D:5      | Killed Sigmund
  3382 | D:5      | Reached skill level 10 in Axes
  3565 | D:5      | Found a blossoming altar of Fedhas.
  3704 | D:5      | Reached **** piety under Trog
  4036 | D:6      | Found a glowing silver altar of Zin.
  4037 | D:6      | Found a runed door.
  4037 | D:6      | Noticed an angel
  4080 | D:6      | HP: 4/85 [electric eel/bolt of electricity (3)]
  4080 | D:6      | Killed from afar by an electric eel

Vault maps used:
D:1:      evilmike_arrival_come_back
D:2:      lemuel_coloured_pillars_altar, first_ration
D:4:      nicolae_overflow_crystal_walls, kennysheep_little_box, zin_academy,
          portal_sewer_entry_d, kennysheep_pointless_box
D:5:      minmay_temple_entry_overgrown, fedhas_altar_1, uniq_sigmund
D:6:      serial_undead, serial_undead_e, serial_undead_e, serial_undead_f,
          serial_undead_e, serial_bayou_pond_c, palyth_stone_intersect,
          lemuel_angel_altar
Sewer:    sewer_co_purgy_island

Skill      XL: |  1  2  3  4  5  6  7 |
---------------+----------------------+-----
Axes           | 4 5 6 8 9 10 | 10.7
Fighting       | |  3.6
Armour         | |  2.4
Dodging        | |  2.1

Action                   |  1- 3 |  4- 6 |  7- 9 || total
-------------------------+-------+-------+-------++-------
Melee: Hand axe          |    83 |   163 |    37 ||   283
       Headbutt          |     8 |    27 |     9 ||    44
       Battleaxe         |       |       |     5 ||     5
Invok: Berserk           |     1 |     3 |     2 ||     6
  Use: Scroll            |       |     8 |       ||     8
 Stab: Sleeping          |     1 |       |       ||     1
  Eat: Chunk             |     3 |     8 |     2 ||    13
       Ration            |       |       |     1 ||     1
Armor: Animal skin       |     3 |       |       ||     3
       Ring mail         |    26 |    11 |       ||    37
       Plate armour      |       |    65 |    19 ||    84
Dodge: Dodged            |    55 |    61 |    12 ||   128

Table legend:
 A = Spawn XP
 B = Non-spawn XP
 C = Spawn XP percentage of total XP
 D = Spawn monster count
 E = Non-spawn monster count
 F = Spawn count percentage of total count
 G = Total turns spent on level
                    A         B        C        D         E        F      G
               +---------+---------+-------+---------+---------+-------+---------
         Total |       0 |    1123 |   0.0 |       0 |     104 |   0.0 |  4080
               +---------+---------+-------+---------+---------+-------+---------
           D:1 |       0 |      68 |   0.0 |       0 |      29 |   0.0 |  1038
           D:2 |       0 |      34 |   0.0 |       0 |      17 |   0.0 |   606
           D:3 |       0 |     135 |   0.0 |       0 |      20 |   0.0 |   675
           D:4 |       0 |     194 |   0.0 |       0 |      16 |   0.0 |   729
           D:5 |       0 |     440 |   0.0 |       0 |       9 |   0.0 |   613
           D:6 |       0 |      95 |   0.0 |       0 |       4 |   0.0 |   221
         Sewer |       0 |     157 |   0.0 |       0 |       9 |   0.0 |   198
               +---------+---------+-------+---------+---------+-------+---------
